 Dungeon Crawl Stone Soup version 0.24-a0-243-g8f5f5cd (webtiles) character file.

Game seed: 6893881658309606080

92 xeno23 the Sneak (level 4, -1/30 HPs)
             Began as an Octopode Assassin on Apr 10, 2019.
             Slain by an orc
             ... wielding a +0 flail
              (9 damage)
             ... on level 3 of the Dungeon.
             The game lasted 00:03:15 (1399 turns).

xeno23 the Sneak (Octopode Assassin)                Turns: 1399, Time: 00:03:16

Health: -1/30      AC:  1    Str: 10    XL:     4   Next: 60%
Magic:  4/4        EV: 13    Int: 13    God:
Gold:   81         SH:  0    Dex: 14    Spells: 3/3 levels left

rFire    . . .     SeeInvis .   a - +2 dagger
rCold    . . .     Gourm    .   (no shield)
rNeg     . . .     Faith    .   (helmet restricted)
rPois    .         Spirit   .   (no amulet)
rElec    .         Reflect  .   (no ring)
rCorr    .         Harm     .   (no ring)
MR       .....                  (no ring)
Stlth    ++++......             (no ring)
HPRegen  0.10/turn              (no ring)
MPRegen  0.09/turn              (no ring)
                                (no ring)
                                (no ring)

@: no status effects
A: almost no armour, stealthy swim, amphibious, 8 rings, constrict 8, camouflage
1, gelatinous body 1
a: no special abilities


You were on level 3 of the Dungeon.
You were hungry.

You visited 1 branch of the dungeon, and saw 3 of its levels.

You collected 81 gold pieces.

Inventory:

Hand Weapons
 a - a +2 dagger (weapon)
 b - a +0 blowgun
Missiles
 c - 8 poisoned needles
 d - 2 curare-tipped needles
Scrolls
 h - a scroll of magic mapping {unknown}
 i - a scroll of teleportation {unknown}
 j - 2 scrolls of identify {unknown}
 l - a scroll of blinking {unknown}
 m - a scroll of immolation {unknown}
 n - a scroll of remove curse {unknown}
 o - a scroll of fog {unknown}
 r - a scroll of fear {unknown}
Potions
 e - a potion of magic {unknown}
 g - a potion of lignification {unknown}
 k - a potion of ambrosia {unknown}
 p - a potion of flight {unknown}
 q - 2 potions of cancellation {unknown}
Comestibles
 f - 5 rations


   Skills:
 + Level 2.8 Fighting
 * Level 3.6 Short Blades
 - Level 2.0 Throwing
 - Level 1.0 Dodging
 + Level 6.1 Stealth


You had 3 spell levels left.
You didn't know any spells.
Your spell library was empty.

Dungeon Overview and Level Annotations

Branches:
Dungeon (3/15)

Altars:


Innate Abilities, Weirdness & Mutations

You cannot wear most types of armour.
You are very stealthy in the water. (Stealth+)
You are amphibious.
You can wear up to eight rings at the same time.
You can use your tentacles to constrict eight enemies at once.
Your skin changes colour to match your surroundings (Stealth+).
Your rubbery body absorbs attacks. (AC +1, EV +1)


Message History

You are feeling hungry.
The adder bites you. The orc hits you with a +0 mace.
* * * LOW HITPOINT WARNING * * *
You take 6 damage.
You hit the orc. You squeeze the orc.
You kill the orc!
You constrict the adder.
You kill the adder!
The bat hits you but does no damage. The bat completely misses you.
An orc comes into view. It is wielding a +0 flail.
The bat hits you but does no damage. x2
The orc shouts!
You hit the bat. You grab the bat. Your squeeze misses the bat.
The bat is severely wounded.
You constrict the bat.
You kill the bat!
A rat comes into view.
The orc hits you with a +0 flail!
You die...

#.# #.#####
..#.#######.###.##...
......................
#..#r###.###.###.##.#. #..#.#
#.# #.# #.##.#. ..#..#.# #.#
#.# #.##.#. #. #.#..#.# #.#
#.# #.##.#.
#.#####.#..#.###.###+###)##^#.
.....#.#)##o@...........##.#.
#...#.#.g.o........%...##.#.
#...#S#.#####..........##.#.
####'#.....#g)............. #.
#.......................... #.
+..<.......)[........###### #.
#........)..######...# #.
....#........#...#...# #.
#...#.....#..#.#.#...# #.


You could see 2 orcs, a goblin and a rat.

Vanquished Creatures
  3 adders
  A worm (D:2)
  3 dart slugs
  2 leopard geckos
  6 orcs (D:3)
  5 giant cockroaches
  4 goblins
  2 hobgoblins (D:2)
  2 jackals (D:1)
  A ball python (D:1)
  5 bats
  5 frilled lizards
  5 kobolds
  4 rats
48 creatures vanquished.

Notes
Turn   | Place    | Note
-------+----------+-------------------------------------------
     0 | D:1      | xeno23 the Octopode Assassin began the quest for the Orb.
     0 | D:1      | Reached XP level 1. HP: 14/14 MP: 1/1
   125 | D:1      | Reached XP level 2. HP: 19/19 MP: 2/2
   533 | D:1      | Reached XP level 3. HP: 19/25 MP: 3/3
   973 | D:3      | Reached XP level 4. HP: 30/30 MP: 4/4
   980 | D:3      | Reached skill level 6 in Stealth
  1399 | D:3      | Slain by an orc

Levels and vault maps discovered:
D:1:      roderic_chinese_lattice_arrival, layout_loops_ring
D:2:      layout_rooms, first_ration
D:3:      layout_basic, yredelemnul_forgotten_temple_becter

Skill      XL: |  1  2  3  4 |
---------------+-------------+-----
Short Blades   | 3 |  3.6
Stealth        | 6 |  6.1
Fighting       | |  2.8
Throwing       | |  2.0
Dodging        | |  1.0

Action                   |  1- 3 |  4- 6 || total
-------------------------+-------+-------++-------
Melee: Dagger            |    65 |    26 ||    91
       Constrict         |    14 |    10 ||    24
       Tentacles         |     7 |     3 ||    10
 Stab: Sleeping          |    13 |       ||    13
       Distracted        |     1 |       ||     1
  Eat: Chunk             |       |     1 ||     1
Armor: Skin              |     8 |     4 ||    12
Dodge: Dodged            |    21 |    11 ||    32

Table legend:
 A = Non-vault XP
 B = Vault XP
 C = Vault XP percentage of total XP
 D = Non-vault monster count
 E = Vault monster count
 F = Vault count percentage of total count
                 A         B        C        D         E       F
            +---------+---------+-------+---------+---------+-------
      Total |     132 |       0 |   0.0 |      48 |       0 |   0.0
            +---------+---------+-------+---------+---------+-------
        D:1 |      34 |       0 |   0.0 |      18 |       0 |   0.0
        D:2 |      47 |       0 |   0.0 |      17 |       0 |   0.0
        D:3 |      51 |       0 |   0.0 |      13 |       0 |   0.0
            +---------+---------+-------+---------+---------+-------
